 Seeded DCSS version 0.29.1-13-g9f3cf754e1 (webtiles) character file.

Game seed: 20230211 (custom seed)

53 ueste the Caller (level 3, 0/24 HPs)
             Began as a Merfolk Summoner on Feb 11, 2023.
             Slain by Grinder (2 damage)
             ... on level 2 of the Dungeon on Feb 12, 2023.
             The game lasted 00:37:01 (3634 turns).

ueste the Caller (Merfolk Summoner)                 Turns: 3634, Time: 00:37:02

Health: 0/24       AC:  3    Str:  8    XL:     3   Next: 89%
Magic:  0/7        EV: 13    Int: 22    God:
Gold:   119        SH:  0    Dex: 14    Spells: 0/7 levels left

rFire   . . .      SeeInvis .   J - +1 short sword (drain)
rCold   . . .      Faith    .   (no shield)
rNeg    . . .      Spirit   .   E - +0 robe
rPois   .          Reflect  .   (no helmet)
rElec   .          Harm     .   G - scarf {repulsion}
rCorr   .          Rampage  .   p - +0 pair of gloves
Will    .....                   (no boots)
Stlth   ++........              (no amulet)
HPRegen 0.08/turn               x - +6 ring of intelligence
MPRegen 0.10/turn               (no ring)

@: repel missiles
A: (nimble swimmer 2), mertail
a: no special abilities


You were on level 2 of the Dungeon.
You visited 1 branch of the dungeon, and saw 3 of its levels.

You collected 119 gold pieces.

Inventory:

Hand Weapons
 o - a +0 dagger
 v - a +1 vorpal hand axe
 z - a +0 spear
 F - a +0 shortbow
 J - a +1 short sword of draining (weapon)
Missiles
 f - 33 stones
 H - 5 silver javelins
Armour
 p - a +0 pair of gloves (worn)
 E - a +0 robe (worn)
 G - a scarf of repulsion (worn)
Jewellery
 x - a +6 ring of intelligence (left hand)
Scrolls
 c - a scroll of acquirement
 k - a scroll of enchant armour
 C - a scroll of noise
Potions
 b - a potion of magic
 g - 2 potions of haste
 h - a potion of brilliance {unknown}
 i - a potion of berserk rage {unknown}
 m - a potion of curing
 n - a potion of mutation {unknown}
 r - a potion of flight {unknown}
 B - a potion of might {unknown}


   Skills:
 + Level 0.8 Short Blades
 + Level 3.2 Dodging
 + Level 2.6 Stealth
 * Level 2.7 Spellcasting
 * Level 4.4 Summonings


You couldn't memorise any spells.
You knew the following spells:

 Your Spells              Type           Power      Damage    Failure   Level
a - Summon Small Mammal   Summ           88%        N/A       1%          1
b - Call Imp              Summ           22%        N/A       3%          2
c - Beastly Appendage     Tmut           6%         N/A       13%         1
d - Call Canine Familiar  Summ           22%        N/A       6%          3

Your spell library contained the following spells:

 Spells                   Type           Power      Damage    Failure   Level
 Summon Guardian Golem    Hex/Summ       12%        N/A       16%         3
 Wereblood                Tmut           3%         N/A       19%         2
 Spider Form              Tmut/Pois      3%         N/A       36%         3
 Summon Lightning Spire   Summ/Air       12%        N/A       45%         4


Dungeon Overview and Level Annotations

Branches:
Dungeon (3/15)

Altars:

Shops:
D:1 [

Annotations:
D:2 Grinder


Innate Abilities, Weirdness & Mutations

((You are very nimble when in or above water. (Stealth+, EV+, Speed+++)))
Your lower body shifts to a powerful aquatic tail in water.


Message History

A hobgoblin comes into view.
A gnoll comes into view. It is wielding a +0 whip.
Your quokka closely misses Grinder.
Your rat misses Grinder.
Your magical contamination has completely faded away.
Grinder blinks!
Grinder hits you.
You writhe in agony.
There is a stone staircase leading up here.
You swap places.
A gnoll comes into view. It is wielding a +0 spear.
Your quokka bites Grinder but does no damage.
A gnoll sergeant comes into view. It is wielding a +0 spear.
Grinder hits your quokka.
Your quokka dies!
Your quokka's corpse disappears in a puff of smoke!
Casting: Summon Small Mammal (safe; 1% risk of failure)
Confirm with . or Enter, or press ? or * to list all spells.
A beastly little devil appears in a puff of frigid air.
Your crimson imp disappears in a puff of smoke!
Grinder says, "There's only one good use for a tongue: cutting it out."
Grinder hits your rat.
Your rat writhes in agony.
Your rat dies!
Your rat's corpse disappears in a puff of smoke!
Grinder closely misses you.
There is a stone staircase leading up here.
You hit Grinder.
Grinder is lightly wounded.
Grinder gestures at you. Pain shoots through your body!
Ouch! That really hurt!
Your white imp hits the gnoll.
Your white imp freezes the gnoll.
Grinder gestures at you. You resist with significant effort.
Your white imp barely misses the gnoll.
You climb upwards.
There is a stone staircase leading down here.
Casting: Call Imp (safe; 3% risk of failure)
Confirm with . or Enter, or press ? or * to list all spells.
Grinder hits you!
* * * LOW HITPOINT WARNING * * *
You writhe in agony.
You die...

#.........####......###
#.....................########
####.........#..#................
.....##...####..#......#.##...###
.....#..### ##..#......#.#..#####
........# #..........#...## ##.
........#####.##.........### #..
..........>...###5b......# #.#
.##...........##@........# #.#
.##............#.#..###..# ##.#
.##..........#.#.#.......# ##..#
..#.........##.#...###...# ##..##
..#.........##.<[........###..##
..##...##...####......#...#..##
..#.......#####..#....#.....##
..#......## #.#.......#.....# ##
.........# ##....#....#.....# #.


You could see Grinder (ally target) and a friendly bat (summoned).

Vanquished Creatures
  2 bats
  A hobgoblin (D:1)
  A kobold (D:2)
4 creatures vanquished.

Vanquished Creatures (collateral kills)
  An adder (D:2)
  4 endoplasms (D:1)
  2 giant cockroaches (D:1)
  6 goblins
  6 hobgoblins
  5 ball pythons
  2 bats (D:1)
  3 frilled lizards
  5 kobolds
  2 rats (D:1)
36 creatures vanquished.

Vanquished Creatures (others)
  A plant (D:2)
1 creature vanquished.

Grand Total: 41 creatures vanquished

Notes
Turn   | Place    | Note
-------+----------+-------------------------------------------
     0 | D:1      | ueste the Merfolk Summoner began the quest for the Orb.
     0 | D:1      | Reached XP level 1. HP: 13/13 MP: 3/3
   139 | D:1      | Reached XP level 2. HP: 19/19 MP: 0/5
   142 | D:1      | Learned a level 2 spell: Call Imp
   317 | D:1      | Found Zoqeb's Antique Armour Boutique.
   755 | D:1      | Found a faded altar of an unknown god.
  1760 | D:1      | Reached XP level 3. HP: 24/24 MP: 1/6
  3569 | D:3      | Learned a level 1 spell: Beastly Appendage
  3573 | D:3      | Learned a level 3 spell: Call Canine Familiar
  3575 | D:2      | Identified a scroll of acquirement
  3617 | D:3      | Noticed Grinder
  3628 | D:3      | Noticed a gnoll sergeant
  3634 | D:2      | Slain by Grinder

Illustrated notes

Levels and vault maps discovered:
D:1:      reono_arrival_mine, layout_basic, basic_ecumenical_altar,
          serial_shops, nicolae_lakefront_shop, minmay_split_cup_large
D:2:      layout_rooms, serial_bayou_lagoon_a, minmay_tall_x
D:3:      layout_rooms, amethyst_killhole, uniq_grinder, uniq_sigmund

Skill      XL: |  1  2 |
---------------+-------+-----
Dodging        | 3 |  3.2
Short Blades   | |  0.8
Stealth        | |  2.6
Spellcasting   | |  2.7
Summonings     | |  4.4

Action                   || total
-------------------------++-------
Melee: Dagger            ||    16
       Short sword       ||     1
 Cast: Summon Small Mamm ||    64
       Call Imp          ||    44
  Use: Scroll            ||     5
 Stab: Distracted        ||     1
Armor: Robe              ||    10
Dodge: Dodged            ||    27
